 Dungeon Crawl Stone Soup version bcrawl-1.40.2 (webtiles) character file.

Game seed: 13486560033024403031

9531979 Mehrunes the Warrior (level 19, -8/168 (169) HPs)
             Began as a Mummy Berserker on Nov 18, 2023.
             Was the Champion of Trog.
             Splashed by a deep elf sorcerer's acid (12 damage)
             ... on level 1 of the Elven Halls on Nov 19, 2023.
             The game lasted 01:36:11 (42087 turns).

Mehrunes the Warrior (Mummy Berserker)             Turns: 42087, Time: 01:36:12

HP:   -8/168 (169)  AC: 25    Str: 28    XL:     19   Next: 54%
MP:   19/19         EV: 15    Int:  6    God:    Trog [******]
Gold: 2552          SH:  8    Dex: 21    Spells: 18/18 levels left

rFire    . . .     GDR:     40% a - +9 broad axe (flame)
rCold    + + +     SeeInvis +   r - +0 buckler
rNeg     + + +     Gourm    .   L - +7 chain mail of Unreason {rElec rF+}
rPois    ∞         Faith    .   j - +0 helmet
rElec    +         Spirit   .   R - +2 cloak
rCorr    .         Reflect  .   v - +1 pair of gloves
MR       +++..     Clarity  +   F - +1 pair of boots "Fitepsab" {-Cast *Contam rC+++ Dex+3} Stlth ..........NoTele +
                                C - amulet "Vyga Ego" {Regen -Tele Str+6 SInv}
HPRegen  3.15/turn NoCast   +   s - ring of protection from magic
MPRegen  0.16/turn              o - +6 ring of evasion

@: corroded, regenerating, studying 2 skills
A: no food or potions, fire vulnerability, clarity, cold resistance 1, negative
energy resistance 3, torment resistance, unbreathing, strong hexes 1
}: 2/15 runes: serpentine, gossamer
a: Trog's Hand, Brothers in Arms, Renounce Religion


You were on level 1 of the Elven Halls.
You worshipped Trog.
Trog was exalted by your worship.
You were not hungry.

You visited 8 branches of the dungeon, and saw 29 of its levels.

You collected 2732 gold pieces.
You spent 180 gold pieces at shops.

Inventory:

Hand Weapons
 a - a +9 broad axe of flaming (weapon)
 b - a +6 hunting sling of flaming
 A - a +0 blowgun
 T - a +2 antimagic broad axe
Missiles
 k - 5585 stones
 p - 1058 poisoned tomahawks
 q - 3622 sling bullets
 B - 551 poisoned needles
 E - 516 javelins (quivered)
 J - 7 throwing nets {=f}
Armour
 i - a scarf of spirit shield
 j - a +0 helmet (worn)
 r - a +0 buckler (worn)
 v - a +1 pair of gloves (worn)
 x - a +2 plate armour of fire resistance
 F - the +1 pair of boots "Fitepsab" (worn) {-Cast *Contam rC+++ Dex+3}
   (You acquired it on level 6 of the Lair of Beasts)

   It affects your dexterity (+3).
   It renders you almost immune to cold.
   It prevents spellcasting.
   It causes magical contamination when unequipped.
 K - a +0 medium shield
 L - the +7 chain mail of Unreason (worn) {rElec rF+}
   (You found it on level 5 of the Lair of Beasts)

   It protects you from fire.
   It insulates you from electricity.
 R - a +2 cloak (worn)
Jewellery
 g - an uncursed ring of resist corrosion
 m - an uncursed amulet of guardian spirit
 o - a +6 ring of evasion (right hand)
 s - a ring of protection from magic (left hand)
 C - the amulet "Vyga Ego" (around neck) {Regen -Tele Str+6 SInv}
   (You found it on level 4 of the Lair of Beasts)

   [amulet of regeneration]

   It affects your strength (+6).
   It lets you see invisible.
   It prevents most forms of teleportation.
 I - a +4 amulet of reflection
 U - a cursed ring of flight
Wands
 h - a wand of disintegration (10)
 n - a wand of iceblast (35)
 w - a wand of acid (7)
 y - a wand of random effects (24)
 G - a wand of charming (29)
 M - a wand of flame (22)
 N - a wand of digging (4)
Scrolls
 c - 11 scrolls of teleportation
 d - a scroll of revelation
 e - 20 scrolls of remove curse
 f - 3 scrolls of blinking
 l - 4 scrolls of enchant armour
 t - 5 scrolls of noise
 u - 3 scrolls of fear
 D - 5 scrolls of fog
 H - 2 scrolls of vulnerability
 P - 6 scrolls of immolation
 Q - a scroll of torment
 S - 2 scrolls of silence
 V - a scroll of acquirement
Miscellaneous
 z - a phantom mirror
 O - a sack of spiders
 W - a lamp of fire


   Skills:
 + Level 20.1 Fighting
 - Level 18.0 Axes
 - Level 3.0(3.6) Slings
 - Level 2.8(3.5) Throwing
 * Level 12.8 Armour
 - Level 1.5 Dodging
 - Level 10.0 Shields


You had 18 spell levels left.
You didn't know any spells.
Your spell library was empty.

Dungeon Overview and Level Annotations

Branches:
Dungeon (12/12)            Temple (0/1) D:7            Lair (6/6) D:7
  Snake (3/3) Lair:4       Spider (3/3) Lair:4        Slime (0/5) Orc
    Orc (1/1) D:10            Elf (1/3) Lair:5       Vaults (2/3) D:11
  Crypt (0/2) Vaults:1     Depths (1/5) D:12

Altars:
Kikubaaqudgha
Ru
Sif Muna
Trog
Xom
Jiyva

Shops:
D:4 [   D:5 %   Orc =:}*%   Vaults:1 (   Vaults:2 !

Annotations:
Lair:1 3 runed translucent doors, kosoiffoigrumme1174's ghost, journeyman VSCK
Lair:2 3 runed translucent doors, Cris's ghost, journeyman HOFi; Galewind's ghost, journeyman AvCj; Shenda's ghost, novice MiFi; fifreuwaquouxo3460's ghost, novice TrRe
Lair:3 exclusion: oklob plant
Lair:6 exclusions: hydra and 12 more exclusions
Spider:1 1 runed translucent door, tronn's ghost, journeyman CeAc Orc exclusion: upstairs


Innate Abilities, Weirdness & Mutations

You do not eat or drink.
Your flesh is vulnerable to fire.
You are immune to poison.
You possess an exceptional clarity of mind.
Your flesh is cold resistant. (rC+)
You are immune to negative energy. (rN+++)
You are immune to unholy pain and torment.
You can survive without breathing.
Your hexes are more powerful.


Message History

* * * LOW HITPOINT WARNING * * *
The deep elf sorcerer howls an incantation.
The deep elf sorcerer glows brightly for a moment.
The deep elf mage gestures wildly while chanting.
The sun demon closely misses you.
The sun demon disappears in a puff of smoke!
The deep elf sorcerer points at you and mumbles some strange words.
The bolt of acid hits you!!
* * * LOW HITPOINT WARNING * * *
You are splashed with acid!
* * * LOW HITPOINT WARNING * * *
The deep elf sorcerer wildly gestures.
The deep elf sorcerer's hands start to glow.
The deep elf mage casts a spell at you. The bolt of lightning misses you.
The deep elf sorcerer casts a spell at you.
The bolt of acid hits you!
* * * LOW HITPOINT WARNING * * *
The acid corrodes you!
You are splashed with acid!
You die...

#.......# ######..##.....#
##.#####.# #.........#
.........# ##.........#
##.##.##.#### #.ee##.....####
#.##.##.##.## #...###........
##.......#.#.## #...##.........
....###...###.## #.e.##........#
....# #..## ##.###...#..........
....###...###...@..............#
...........#....................
....#.#####.#................#.#
....#.##....######...#.......#.#
............# #...##.....##.
####...#.#### #...##........#
###......# #...####.......
!.....)..###### #...####.##....
###.._........## #.......##....


You could see a deep elf sorcerer.

Vanquished Creatures
  Vashnia (Snake:1)
  Kirke (Lair:3)
  7 nagarajas
  A frost giant (D:12)
  3 orc warlords
  6 emperor scorpions (Spider:3)
  A ghost moth (Spider:3)
  Aizul (Vaults:1)
  2 stone giants
  2 ironheart preservers
  4 very ugly things
  3 entropy weavers
  4 dire elephants
  3 spark wasps (Depths:1)
  3 fire dragons
  Urug (Lair:4)
  3 yaktaur captains (Vaults:1)
  Harold (Lair:4)
  2 ice dragons (Vaults:1)
  2 rakshasas
  11 naga warriors
  3 catoblepae (Lair:6)
  8 vault guards (D:11)
  Psyche (D:10)
  Erolcha (D:10)
  Erica (D:8)
  7 hydras
  5 anacondas
  8 death scarabs (Spider:3)
  A queen ant (Lair:4)
  A death knight (Vaults:1)
  10 two-headed ogres
  4 dancing weapons
  A deep troll shaman (Vaults:2)
  12 death yaks
  3 ogre magi (Vaults:1)
  A deep troll earth mage (Vaults:2)
  15 naga sharpshooters
  2 ironheart beastmasters
  2 deep trolls (Vaults:2)
  5 orc high priests (Orc)
  6 shock serpents
  A hell knight (D:12)
  14 centaur warriors
  10 deep elf knights
  6 skeletal warriors (Vaults:1)
  2 salamander mystics (Snake:3)
  A storm dragon skeleton (Vaults:1)
  A glowing orange brain (Vaults:1)
  4 spectral anacondas (Snake:3)
  8 naga ritualists (Snake:3)
  6 ironheart convokers
  3 anaconda zombies (Snake:3)
  6 deep elf archers
  A wizard (Vaults:2)
  4 spectral wolf spiders (Spider:3)
  5 anaconda skeletons (Snake:3)
  2 cyclopes
  6 orb spiders
  An orange crystal statue (Spider:2)
  2 necromancers
  A tengu skeleton (Vaults:1)
  A lindwurm (Lair:3)
  6 orc knights (Orc)
  4 wolf spider zombies
  3 orc sorcerers
  17 wolf spiders
  8 ugly things
  19 deep elf magi
  A moth of wrath (Spider:3)
  21 naga magi
  3 manticores
  8 mana vipers
  A frost giant skeleton (Vaults:1)
  7 salamanders
  6 vault sentinels
  2 guardian serpents
  19 elephants
  23 black mambas
  A cane toad (shapeshifter) (Vaults:1)
  2 gargoyles (D:12)
  2 torpor snails (Spider:3)
  8 cane toads
  5 demonic crawlers
  A komodo dragon (shapeshifter) (D:12)
  An efreet (D:11)
  31 jumping spiders
  7 yaktaurs
  4 rime drakes
  3 eyes of draining
  3 komodo dragons
  8 anaconda simulacra (Snake:3)
  6 spectral jumping spiders (Spider:3)
  Maurice (D:12)
  2 harpy zombies (D:12)
  A queen bee (shapeshifter) (Vaults:1)
  2 tengu conjurers
  3 trolls
  4 spectral tarantellas (Spider:3)
  4 hornets (Spider:3)
  24 blink frogs
  15 slime creatures
  2 harpy skeletons (D:12)
  A meliai zombie (D:8)
  A stone giant simulacrum (Vaults:1)
  3 spectral redbacks (Spider:3)
  7 hippogriffs
  Grum (Lair:4)
  An ettin skeleton (Vaults:1)
  A spriggan (D:7)
  2 wyverns
  A wraith (D:10)
  3 basilisks
  18 tarantellas
  A water elemental (D:12)
  2 fire elementals (Elf:1)
  A hog (shapeshifter) (Elf:1)
  5 hungry ghosts
  2 hogs (Lair:3)
  32 redbacks
  An elf skeleton (Vaults:1)
  32 yaks
  2 vampire mosquitoes (D:9)
  28 nagas
  2 wargs
  An elf zombie (Vaults:1)
  9 crocodiles
  3 two-headed ogre zombies (D:10)
  12 water moccasins
  An ogre skeleton (Vaults:1)
  15 porcupines
  A deep troll skeleton (Vaults:1)
  A spectral hornet (Spider:3)
  4 ice beasts
  2 phantoms
  45 orc warriors
  6 black bears
  3 redback zombies (Spider:3)
  A hornet zombie (D:12)
  2 sky beasts (D:5)
  26 soldier ants
  3 necrophages (D:8)
  11 ogres
  5 boggarts (D:10)
  3 wolves
  A blink frog skeleton (D:10)
  12 bullfrogs
  2 kobold brigands
  6 human skeletons (Vaults:1)
  A centaur (D:9)
  A gnoll sergeant (Orc)
  An earth elemental (Elf:1)
  2 scorpions (D:10)
  6 killer bees (D:10)
  2 human simulacra (Vaults:1)
  A wight (D:8)
  An electric eel (Spider:2)
  6 howler monkeys
  31 orc priests
  7 crimson imps
  A bullfrog zombie (D:8)
  A quasit (D:8)
  3 bullfrog skeletons
  7 hounds
  5 jellies
  17 orc wizards
  Jessica (D:3)
  2 iguanas
  22 worker ants
  A killer bee zombie (D:9)
  5 ogre zombies (D:10)
  2 hound zombies
  A hound skeleton (D:10)
  Robin (D:2)
  17 adders
  4 gnolls (D:9)
  A howler monkey skeleton (D:6)
  3 shadow imps
  An ufetubus (Vaults:2)
  An adder skeleton (D:4)
  3 adder zombies
  18 oozes
  3 worms
  A dart slug (D:2)
  2 leopard geckos
  89 orcs
  2 giant cockroaches
  14 goblins
  10 hobgoblins
  8 jackals
  5 quokkas
  A bat (D:2)
  2 frilled lizards
  2 goblin skeletons (D:10)
  3 goblin zombies (D:10)
  A hobgoblin skeleton (D:10)
  A jackal skeleton (D:4)
  A jackal zombie (D:6)
  15 kobolds
  5 orc skeletons (D:10)
  14 orc zombies (D:10)
  A quokka zombie (D:6)
  4 rats
  3 fungi (Lair:6)
  4 plants
1221 creatures vanquished.

Vanquished Creatures (collateral kills)
  Gastronok (Lair:3)
  A hydra (Lair:2)
  Nergalle (Lair:3)
  A hippogriff (Lair:3)
  A porcupine (Lair:3)
  A bullfrog (Lair:3)
  A wight (D:8)
  A crimson imp (D:8)
8 creatures vanquished.

Vanquished Creatures (others)
  A deep elf mage (Elf:1)
  5 naga magi (Snake:3)
  A naga (Snake:3)
  31 fungi
  17 plants
  2 withered plants (Lair:2)
57 creatures vanquished.

Grand Total: 1286 creatures vanquished

Notes
Turn   | Place    | Note
-------+----------+-------------------------------------------
     0 | D:1      | Mehrunes the Mummy Berserker began the quest for the Orb.
     0 | D:1      | Reached XP level 1. HP: 18/18 MP: 1/1
   280 | D:1      | Reached XP level 2. HP: 21/24 MP: 2/2
  1153 | D:2      | Reached ** piety under Trog
  1154 | D:2      | Reached XP level 3. HP: 29/29 MP: 3/3
  1184 | D:2      | Noticed Robin
  1209 | D:2      | Killed Robin
  1464 | D:2      | Reached XP level 4. HP: 8/37 MP: 4/4
  1623 | D:2      | Found a shimmering blue altar of Sif Muna.
  1862 | D:2      | Reached skill level 4 in Fighting
  2154 | D:3      | Reached XP level 5. HP: 37/42 MP: 5/5
  2207 | D:3      | Reached *** piety under Trog
  2286 | D:3      | Reached XP level 6. HP: 49/49 MP: 6/6
  2505 | D:3      | Noticed Jessica
  2512 | D:3      | Killed Jessica
  2513 | D:3      | Reached skill level 5 in Axes
  2998 | D:4      | HP: 1/50 [bullfrog skeleton (6)]
  3153 | D:4      | Reached skill level 5 in Fighting
  3210 | D:4      | Found Ikerchum's Antique Armour Shoppe.
  3656 | D:5      | Entered Level 5 of the Dungeon
  3698 | D:5      | Reached XP level 7. HP: 56/56 MP: 7/7
  3705 | D:5      | Found Jutrox's Food Shop.
  3809 | D:5      | Noticed a two-headed ogre
  4254 | D:5      | Killed a two-headed ogre
  4255 | D:5      | Reached skill level 6 in Fighting
  4255 | D:5      | Reached XP level 8. HP: 65/65 MP: 8/8
  4970 | D:5      | Reached skill level 7 in Fighting
  5243 | D:6      | Reached XP level 9. HP: 42/72 MP: 6/9
  5265 | D:6      | Reached **** piety under Trog
  5675 | D:6      | Found a bloodstained altar of Trog.
  5688 | D:6      | Reached skill level 8 in Fighting
  6029 | D:7      | Found a staircase to the Ecumenical Temple.
  6033 | D:7      | Found an ancient bone altar of Kikubaaqudgha.
  6314 | D:7      | Noticed a troll
  6564 | D:7      | Reached skill level 10 in Axes
  6581 | D:7      | Reached XP level 10. HP: 35/82 MP: 4/10
  6588 | D:7      | Reached skill level 9 in Fighting
  6764 | D:7      | Found a staircase to the Lair.
  6781 | D:7      | Reached ***** piety under Trog
  7029 | D:7      | Received a gift from Trog
  7213 | D:8      | Noticed Erica
  7213 | D:8      | Noticed a five-headed hydra
  7555 | D:8      | Got an ichor-stained robe
  7839 | D:8      | Noticed a two-headed ogre
  8104 | D:8      | Killed Erica
  8105 | D:8      | Reached skill level 10 in Fighting
  8119 | D:8      | Killed a nine-headed hydra
  8137 | D:7      | Killed a two-headed ogre
  8138 | D:7      | Reached XP level 11. HP: 38/92 MP: 5/11
  8832 | D:9      | Identified the cursed +1 leather armour of Weightlessness
                  | {rCorr}
  8902 | D:9      | Found a sacrificial altar of Ru.
  8919 | D:9      | Found a shimmering blue altar of Sif Muna.
  9015 | D:9      | Noticed a cyclops
  9020 | D:9      | Killed a cyclops
  9583 | D:10     | Entered Level 10 of the Dungeon
  9788 | Lair:1   | Entered Level 1 of the Lair of Beasts
 10000 | Lair:1   | Reached skill level 11 in Fighting
 10236 | Lair:1   | Noticed a catoblepas
 10237 | Lair:1   | Noticed kosoiffoigrumme1174's ghost (journeyman VSCK)
 10238 | Lair:1   | Found a runed translucent gate.
 10241 | Lair:1   | Found a runed translucent gate.
 10241 | Lair:1   | Found a runed translucent gate.
 11247 | Lair:2   | Noticed a seven-headed hydra
 11327 | Lair:1   | Received a gift from Trog
 12135 | Lair:2   | Found a runed translucent gate.
 12135 | Lair:2   | Found a runed translucent gate.
 12137 | Lair:2   | Found a runed translucent gate.
 12143 | Lair:2   | Noticed fifreuwaquouxo3460's ghost (novice TrRe)
 12143 | Lair:2   | Noticed Galewind's ghost (journeyman AvCj)
 12210 | Lair:2   | Killed a seven-headed hydra
 12290 | Lair:2   | Noticed Shenda's ghost (novice MiFi)
 12291 | Lair:2   | Noticed Cris's ghost (journeyman HOFi)
 12880 | Lair:3   | Noticed a lindwurm
 12895 | Lair:2   | Reached XP level 12. HP: 90/100 MP: 10/12
 13592 | Lair:3   | Reached skill level 12 in Fighting
 13821 | Lair:3   | Noticed Gastronok
 13867 | Lair:3   | Noticed Kirke
 14182 | Lair:3   | Killed Gastronok
 14187 | Lair:3   | Noticed Nergalle
 14211 | Lair:3   | Killed Nergalle
 14293 | Lair:3   | Killed Kirke
 14851 | Lair:4   | Got a clouded zirconium amulet
 14853 | Lair:4   | Identified the amulet "Vyga Ego" {Regen -Tele Str+6 SInv}
                  | (You found it on level 4 of the Lair of Beasts)
 14874 | Lair:4   | Found a staircase to the Snake Pit.
 15012 | Lair:4   | Reached XP level 13. HP: 62/109 MP: 3/13
 15079 | Lair:4   | Found a hole to the Spider Nest.
 15555 | Lair:4   | Reached skill level 13 in Fighting
 15633 | Lair:4   | Noticed Grum
 15649 | Lair:4   | Killed Grum
 15749 | Lair:4   | Noticed Urug
 15900 | Lair:4   | Killed Urug
 15901 | Lair:4   | Reached skill level 15 in Axes
 16009 | Lair:4   | Noticed Harold
 16048 | Lair:4   | Killed Harold
 16947 | Lair:5   | Got a crude chain mail
 16958 | Lair:5   | Identified the +7 chain mail of Unreason {rElec rF+} (You
                  | found it on level 5 of the Lair of Beasts)
 17416 | Lair:5   | Found a staircase to the Elven Halls.
 17844 | Lair:6   | Entered Level 6 of the Lair of Beasts
 18237 | Lair:6   | Reached skill level 14 in Fighting
 18374 | Lair:6   | Reached skill level 1 in Shields
 19015 | Lair:6   | Reached XP level 14. HP: 34/120 MP: 2/14
 19134 | Lair:6   | HP: 6/120 [five-headed hydra (9)]
 19893 | Lair:6   | Received a gift from Trog
 20670 | Lair:6   | Identified a scroll of acquirement
 20671 | Lair:6   | Identified the +1 pair of boots "Fitepsab" {-Cast *Contam
                  | rC+++ Dex+3} (You acquired it on level 6 of the Lair of
                  | Beasts)
 20671 | Lair:6   | Identified the ring "Hovviuruargh" {rF+ MR- Str-2 Dex+8}
                  | (You acquired it on level 6 of the Lair of Beasts)
 20738 | Lair:6   | Got a twisted whip
 20789 | Lair:6   | Identified the +8 whip of the Gloaming {freeze, *Rage +Rage
                  | rC++ Str+2} (You found it on level 6 of the Lair of Beasts)
 20982 | D:10     | Noticed Erolcha
 20992 | D:10     | Killed Erolcha
 21211 | D:10     | Found a staircase to the Orcish Mines.
 21224 | D:10     | Received a gift from Trog
 21242 | D:10     | Got a faintly glowing great mace {god gift}
 21281 | D:10     | Found a blossoming altar of Fedhas.
 21443 | D:10     | Noticed Psyche
 21446 | D:10     | Killed Psyche
 21448 | D:10     | Reached ****** piety under Trog
 21831 | D:11     | Reached skill level 15 in Fighting
 21891 | D:11     | Got a warped shortbow
 22066 | D:11     | Found a gate to the Vaults.
 22711 | Orc      | Entered the Orcish Mines
 22715 | Orc      | Received a gift from Trog
 22787 | Orc      | Reached XP level 15. HP: 93/129 MP: 15/15
 22891 | Orc      | Found Mokh's Book Shoppe.
 22933 | Orc      | Noticed an orc warlord
 22942 | Orc      | Killed an orc warlord
 23108 | Orc      | Found a viscous altar of Jiyva.
 23108 | Orc      | Found a staircase to the Slime Pits.
 23296 | Orc      | Received a gift from Trog
 23599 | Orc      | Found Weeg's Jewellery Shoppe.
 23599 | Orc      | Found Rutusog's Food Shoppe.
 23600 | Orc      | Found Kootej's Gadget Emporium.
 23600 | Orc      | Found Notar's Assorted Antiques.
 23777 | Orc      | Noticed an orc warlord
 23806 | Orc      | Killed an orc warlord
 24369 | D:12     | Entered Level 12 of the Dungeon
 24428 | D:12     | Noticed Maurice
 24444 | D:12     | Killed Maurice
 24669 | D:12     | Found a staircase to the Depths.
 24887 | D:12     | Received a gift from Trog
 25208 | D:12     | Reached skill level 16 in Fighting
 25721 | Snake:1  | Entered Level 1 of the Snake Pit
 25721 | Snake:1  | Noticed a nagaraja
 25745 | Snake:1  | Killed a nagaraja
 25984 | Snake:1  | Noticed a nagaraja
 26027 | Snake:1  | Killed a nagaraja
 26316 | Snake:1  | Got an ivory scimitar
 26736 | Snake:2  | Received a gift from Trog
 26737 | Snake:2  | Reached skill level 5 in Armour
 26745 | Snake:2  | Reached XP level 16. HP: 72/139 MP: 16/16
 26747 | Snake:2  | Got a bone battleaxe {god gift}
 26751 | Snake:2  | Identified the +10 battleaxe "Gag Xilao" {chop, Dex+3
                  | Stlth+} (Trog gifted it to you on level 2 of the Snake Pit)
 26913 | Snake:2  | Got a pair of bloodstained boots
 26914 | Snake:2  | Identified the cursed +0 pair of boots "Paonlatz" {*Slow
                  | rC++} (You found it on level 2 of the Snake Pit)
 27588 | Snake:2  | Noticed Vashnia
 28015 | Snake:1  | Killed Vashnia
 28270 | Snake:3  | Entered Level 3 of the Snake Pit
 28505 | Snake:3  | Got a bloodstained chain mail
 28518 | Snake:3  | Identified the +1 chain mail "Lotzom" {MR+} (You found it
                  | on level 3 of the Snake Pit)
 28564 | Snake:3  | Reached skill level 17 in Fighting
 28860 | Snake:3  | Received a gift from Trog
 29301 | Snake:3  | Reached XP level 17. HP: 83/148 MP: 17/17
 29404 | Snake:3  | Reached skill level 10 in Armour
 29600 | Snake:3  | Reached skill level 5 in Shields
 30173 | Snake:3  | Received a gift from Trog
 30732 | Snake:3  | Got a serpentine rune of Zot
 31209 | Spider:1 | Entered Level 1 of the Spider Nest
 31858 | Spider:1 | Reached skill level 18 in Fighting
 31890 | Spider:1 | Received a gift from Trog
 32104 | Spider:1 | Found a runed translucent door.
 32112 | Spider:1 | Found a shimmering altar of Xom.
 32112 | Spider:1 | Noticed tronn's ghost (journeyman CeAc)
 33296 | Spider:3 | Entered Level 3 of the Spider Nest
 33300 | Spider:3 | Received a gift from Trog
 34558 | Spider:3 | Received a gift from Trog
 34604 | Spider:3 | Reached XP level 18. HP: 138/158 MP: 0/18
 34771 | Spider:3 | Found a huge runed gate.
 34771 | Spider:3 | Found a huge runed gate.
 34771 | Spider:3 | Found a huge runed gate.
 34771 | Spider:3 | Found a huge runed gate.
 34779 | Spider:3 | Found a huge runed gate.
 35070 | Spider:3 | Reached skill level 10 in Shields
 35351 | Spider:3 | Got a gossamer rune of Zot
 35888 | Depths:1 | Entered Level 1 of the Depths
 35903 | Depths:1 | Reached skill level 19 in Fighting
 35917 | D:12     | Reached skill level 1 in Throwing
 36134 | D:12     | Received a gift from Trog
 36135 | D:12     | Reached skill level 1 in Slings
 36248 | Vaults:1 | Entered Level 1 of the Vaults
 36663 | Vaults:1 | Noticed Aizul
 36675 | Vaults:1 | Killed Aizul
 37026 | Vaults:1 | Found a staircase to the Crypt.
 37472 | Vaults:1 | Found Kopsia's Antique Weapon Shoppe.
 37497 | Vaults:1 | Noticed a lich
 37526 | Vaults:1 | Received a gift from Trog
 37571 | Vaults:1 | Reached XP level 19. HP: 152/167 MP: 19/19
 38379 | Vaults:2 | Found Ysoem's Distillery.
 39783 | Vaults:2 | Received a gift from Trog
 40470 | Elf:1    | Entered Level 1 of the Elven Halls
 40739 | Vaults:1 | Bought a glowing hunting sling for 180 gold pieces
 41549 | Elf:1    | Received a gift from Trog
 41553 | Elf:1    | Reached skill level 20 in Fighting
 41748 | Elf:1    | Found a shimmering blue altar of Sif Muna.
 42087 | Elf:1    | HP: 4/168 [deep elf sorcerer/bolt of acid (12)]
 42087 | Elf:1    | Splashed by a deep elf sorcerer's acid

Skill      XL: |  1  2  3  4  5  6  7  8  9 10 11 12 13 14 15 16 17 18 19 |
---------------+----------------------------------------------------------+-----
Axes           | 3 4 5 7 8 10 11 13 14 16 18 | 18.0
Fighting       | 4 5 6 7 8 10 11 12 14 15 16 17 18 19 20 | 20.1
Armour         | 2 4 5 9 10 11 12 | 12.8
Shields        | 1 4 9 10 | 10.0
Throwing       | 2 |  2.8
Slings         | 3 |  3.0
Dodging        | |  1.5

Action                   |  1- 3 |  4- 6 |  7- 9 | 10-12 | 13-15 | 16-18 | 19-21 || total
-------------------------+-------+-------+-------+-------+-------+-------+-------++-------
Melee: Hand axe          |   153 |   161 |   234 |   413 |       |       |       ||   961
       Battleaxe         |       |       |       |    80 |   329 |       |       ||   409
       Broad axe         |       |       |       |       |   755 |  1465 |   259 ||  2479
 Fire: Hunting sling     |       |       |       |    16 |    40 |       |   100 ||   156
       Blowgun           |       |       |       |       |       |    22 |       ||    22
Throw: Tomahawk          |       |       |    54 |    71 |    25 |     7 |       ||   157
       Stone             |       |       |     2 |       |       |       |       ||     2
       Javelin           |       |       |       |       |       |    10 |       ||    10
Invok: Trog's Hand       |       |     1 |       |     1 |     6 |     9 |     4 ||    21
       Brothers in Arms  |       |       |       |     3 |       |       |       ||     3
Evoke: Wand              |       |       |     3 |     8 |    25 |     4 |       ||    40
       Sack of spiders   |       |       |       |       |     1 |       |       ||     1
  Use: Scroll            |     2 |     1 |     7 |     7 |    13 |    13 |     1 ||    44
 Stab: Sleeping          |     1 |       |       |       |       |       |       ||     1
       Paralysed         |       |       |     4 |     9 |     9 |       |       ||    22
       Distracted        |       |       |       |     1 |       |       |       ||     1
       Petrified         |       |       |       |       |     2 |       |       ||     2
Armor: Animal skin       |     9 |       |       |       |       |       |       ||     9
       Ring mail         |    30 |    47 |    57 |       |       |       |       ||   134
       Plate armour      |       |       |    76 |   230 |    38 |       |       ||   344
       Chain mail        |       |       |       |       |   443 |   687 |   123 ||  1253
Dodge: Dodged            |    96 |    80 |    78 |   117 |   650 |   738 |   159 ||  1918
Block: Other             |       |       |       |    34 |       |       |       ||    34
       Buckler           |       |       |       |       |   165 |   478 |   101 ||   744
